 Dungeon Crawl Stone Soup version 0.19-a0-261-g60b6c46 (webtiles) character file.

50 aurelian the Chiller (level 3, -1/24 HPs)
             Began as a Mummy Ice Elementalist on May 25, 2016.
             Slain by Crazy Yiuf
             ... wielding a +3 quarterstaff of chaos
              (2 damage)
             ... on level 2 of the Dungeon.
             The game lasted 00:03:06 (1064 turns).

aurelian the Chiller (Mummy Ice Elementalist)       Turns: 1064, Time: 00:03:07

Health: -1/24      AC:  3    Str: 11    XL:     3   Next: 55%
Magic:  3/6        EV: 11    Int: 15    God:
Gold:   89         SH:  0    Dex: 12    Spells: 1 memorised, 5 levels left

rFire  x . .     SeeInvis .     i - +0 hunting sling
rCold  + . .     Gourm    .     a - +0 robe
rNeg   + + +     Faith    .     (no shield)
rPois  ∞         Spirit   .     (no helmet)
rElec  .         Dismiss  .     (no cloak)
rCorr  .         Reflect  .     (no gloves)
SustAt .         Harm     .     j - +0 pair of boots
MR     .....                    (no amulet)
Stlth  +.........               (no ring)
                                (no ring)

@: very slightly contaminated, drained, not resistant to hostile enchantments,
very unstealthy
A: no food or potions, fire vulnerability, cold resistance 1, negative energy
resistance 3, torment resistance, unbreathing
a: no special abilities


You were on level 2 of the Dungeon.
You were not hungry.

You visited 1 branch of the dungeon, and saw 2 of its levels.

You collected 89 gold pieces.

Inventory:

Hand Weapons
 d - a +0 short sword
 e - a +0 mace
 i - a +0 hunting sling (weapon)
Missiles
 c - 79 stones (quivered)
Armour
 a - a +0 robe (worn)
 j - a +0 pair of boots (worn)
Jewellery
 l - an uncursed amulet of harm
Scrolls
 f - 2 scrolls of identify {unknown}
 g - a scroll of enchant armour {unknown}
 h - 2 scrolls of enchant weapon {unknown}
 k - a scroll of recharging {unknown}
 m - a scroll of teleportation {unknown}
 n - a scroll of magic mapping {unknown}
Books
 b - a book of Frost

   Spells                             Type                      Level
   a - Freeze                         Ice                          1
   b - Throw Frost                    Conjuration/Ice              2
   c - Ozocubu's Armour               Charms/Ice                   3
   d - Throw Icicle                   Conjuration/Ice              4
   e - Summon Ice Beast               Ice/Summoning                4


   Skills:
 - Level 1.5(0.6) Dodging
 - Level 1.5(0.6) Stealth
 - Level 2.0(1.0) Spellcasting
   Level 0.7(0.0) Conjurations
 + Level 3.8(2.8) Ice Magic


You had 5 spell levels left.
You knew the following spells:

 Your Spells              Type           Power        Failure   Level  Hunger
a - Freeze                Ice            #...         10%         1    N/A

Dungeon Overview and Level Annotations

Branches:
Dungeon (2/15)

Altars:

Annotations:
D:2 Crazy Yiuf


Innate Abilities, Weirdness & Mutations

You do not eat or drink.
Your flesh is vulnerable to fire.
You are immune to poison.
Your flesh is cold resistant. (rC+)
You are immune to negative energy. (rN+++)
You are immune to unholy pain and torment.
You can survive without breathing.


Message History

Confirm with . or Enter, or press ? or * to list all spells.
Aiming: Freeze
Press: ? - help, Shift-Dir - straight line, f/p - Crazy Yiuf
Aim: Crazy Yiuf, wielding a quarterstaff of chaos and wearing a glowing cloak (heavily wounded)
You freeze Crazy Yiuf.
Crazy Yiuf is severely wounded.
Crazy Yiuf hits you with a quarterstaff of chaos.
Crazy Yiuf burns you.
Casting: Freeze
Confirm with . or Enter, or press ? or * to list all spells.
Aiming: Freeze
Press: ? - help, Shift-Dir - straight line, f/p - Crazy Yiuf
Aim: Crazy Yiuf, wielding a quarterstaff of chaos and wearing a glowing cloak (severely wounded)
You miscast Freeze.
You are very lightly contaminated with residual magic.
Nothing appears to happen.
Crazy Yiuf hits you with a quarterstaff of chaos!
* * * LOW HITPOINT WARNING * * *
Crazy Yiuf freezes you.
You die...

.. #.# #.
#.# .## #.#
#.# #.#
#.## #.#
##.# #.#
##.## #)#
##PP.# #.#
#PPP.# #@#
#....#
#g####(...#
#...(...(##
#####...##
#####


You could see Crazy Yiuf.

Vanquished Creatures
  An adder (D:2)
  2 oozes (D:1)
  A giant gecko (D:1)
  2 giant cockroaches
  5 goblins
  4 hobgoblins
  6 bats
  2 kobolds
  6 rats (D:1)
29 creatures vanquished.

Notes
Turn   | Place    | Note
--------------------------------------------------------------
     0 | D:1      | aurelian the Mummy Ice Elementalist began the quest for the Orb.
     0 | D:1      | Reached XP level 1. HP: 13/13 MP: 3/3
   230 | D:1      | Reached XP level 2. HP: 15/19 MP: 0/5
   302 | D:1      | Reached skill level 3 in Ice Magic
   564 | D:1      | Reached XP level 3. HP: 24/24 MP: 4/6
  1043 | D:2      | Noticed Crazy Yiuf
  1064 | D:2      | HP: 1/24 [Crazy Yiuf/quarterstaff of chaos (11)]
  1064 | D:2      | Slain by Crazy Yiuf

Vault maps used:
D:1:      zaba_arrival_water
D:2:      gammafunk_pakellas_cloud_experiment, serial_curves, eino_curves_03,
          eino_curves_04, nicolae_ru_path_of_blood, uniq_iyjb, uniq_terence,
          uniq_crazy_yiuf_cottage, uniq_jessica

Skill      XL: |  1  2 |
---------------+-------+-----
Ice Magic      | 3 |  3.8
Dodging        | |  1.5
Stealth        | |  1.5
Spellcasting   | |  2.0
Conjurations   | |  0.7

Action                   || total
-------------------------++-------
Melee: Short sword       ||     5
       Mace              ||     9
 Fire: Hunting sling     ||    35
Throw: Stone             ||     2
 Cast: Freeze            ||    20
 Stab: Sleeping          ||     1
Armor: Robe              ||    10
Dodge: Dodged            ||    24
